 Dungeon Crawl Stone Soup version 0.31-a0-819-gf6de2f5ab6 (webtiles) character file.

Game seed: 13044512592623038400

14 qw the Shooter (level 2, -2/17 HPs)
             Began as a Gargoyle Hunter on Sept 23, 2023.
             Slain by Natasha (4 damage)
             ... on level 2 of the Dungeon.
             The game lasted 00:00:14 (841 turns).

qw the Shooter (Gargoyle Hunter)                     Turns: 841, Time: 00:00:14

Health: -2/17      AC:  5    Str: 14    XL:     2   Next: 41%
Magic:  2/2        EV: 11    Int:  9    God:
Gold:   60         SH:  0    Dex: 13    Spells: 1/1 levels left

rFire   . . .        Y - +0 shortbow
rCold   . . .        (shield currently unavailable)
rNeg    + . .        c - +0 leather armour
rPois   inf          (no helmet)
rElec   +            (no cloak)
rCorr   .            (no gloves)
SInv    .            (no boots)
Will    .....        (no amulet)
Stlth   +            (no ring)
HPRegen 0.22/turn    (no ring)
MPRegen 0.08/turn

%: no passive effects
@: no status effects
A: sickness immunity, AC +2, negative energy resistance 1, electricity
resistance, torment resistance 1, petrification resistance
a: no special abilities


You were on level 2 of the Dungeon.
You visited 1 branch of the dungeon, and saw 2 of its levels.

You collected 60 gold pieces.


Innate Abilities, Weirdness & Mutations

You are immune to sickness and miasma.
Your stone body is resilient. (AC +2)
You are immune to poison.
You resist negative energy. (rN+)
You are resistant to electric shocks. (rElec)
You are resistant to unholy torment.
You are immune to petrification.


   Skills:
 - Level 2.1 Fighting
 + Level 4.6 Ranged Weapons
 - Level 1.5 Dodging
 - Level 1.1 Stealth


You had one spell level left.
You didn't know any spells.
Your spell library was empty.

Inventory:

Hand Weapons
 Y - a +0 shortbow (weapon)
Armour
 c - a +0 leather armour (worn)
Scrolls
 f - a scroll of identify
Potions
 e - a potion of ambrosia {unknown}

Dungeon Overview and Level Annotations

Branches:
Dungeon (2/15)

Altars:
Elyvilon

Annotations:
D:2 Natasha


Message History

There is a stone staircase leading up here.
Waypoint 1 assigned to D:2.
Found a stone staircase leading down.
A frilled lizard comes into view.
You shoot an arrow. The arrow hits the frilled lizard.
You kill the frilled lizard!
You now have 60 gold pieces (gained 16).
Found a book of Unlife.
Found a white marble altar of Elyvilon.
Natasha, Servant of Life and Death comes into view.
Found a scroll of poison.
A dart slug comes into view.
You shoot an arrow. The arrow hits Natasha.
Natasha is lightly wounded.
You shoot an arrow. The arrow closely misses Natasha.
The arrow hits the dart slug but does no damage.
Natasha mumbles some strange words.
Natasha's front paws start to glow.
You shoot an arrow. The arrow hits Natasha.
Natasha is moderately wounded.
You shoot an arrow. The arrow hits Natasha.
Natasha is heavily wounded.
Natasha howls an incantation.
Natasha glows brightly for a moment.
Natasha mumbles some strange words.
Natasha claws you.
838 |||
Found retreat position at 2,2 (floor) with 0 blocking monsters and 2 monsters attacking at destination at distance 3
838 ||| Stepping ~*~*~tactically~*~*~ (retreating).
The dart slug launches a dart at you. The slug dart hits you.
Natasha attacks as she pursues you! Natasha closely misses you.
839 |||
Found retreat position at 2,1 (floor) with 0 blocking monsters and 2 monsters attacking at destination at distance 2
839 ||| Stepping ~*~*~tactically~*~*~ (retreating).
You shoot an arrow. The arrow closely misses Natasha.
Natasha claws you.
You shoot an arrow. The arrow hits Natasha.
Natasha is severely wounded.
The cerulean imp barely misses you. Natasha claws you.
You die...
Natasha curls up and begins to purr.

#.##..# ......###
#...w...##
#.._.....#.
#.w....#...
####.........#
#....5# #.#
#....h######.####..
#.....@....#.....
#:....####.#..#
#.....# #....#
####### ###.##
#...# #.### #.#
########.#
#........#


You could see Natasha, a cerulean imp (summoned) and a dart slug.

Vanquished Creatures
  A giant cockroach (D:1)
  2 goblins (D:1)
  2 hobgoblins (D:1)
  2 bats (D:1)
  2 frilled lizards
  2 kobolds (D:1)
  4 rats (D:1)
15 creatures vanquished.

Notes
Turn   | Place    | Note
-------+----------+-------------------------------------------
     0 | D:1      | qw the Gargoyle Hunter began the quest for the Orb.
     0 | D:1      | Reached XP level 1. HP: 12/12 MP: 1/1
     0 | D:1      | 0 ||| qw: Version: 0.3-a-83-gcd0e7d8
     0 | D:1      | 0 ||| qw: Game counter: 1547
     0 | D:1      | 0 ||| qw: Melee chars always use a shield: true
     0 | D:1      | 0 ||| qw: God list: Okawaru
     0 | D:1      | 0 ||| qw: Allow faded altars: false
     0 | D:1      | 0 ||| qw: Do Orc after clearing Dungeon:15 true
     0 | D:1      | 0 ||| qw: Do second Lair branch before Depths: true
     0 | D:1      | 0 ||| qw: Lair rune preference: random
     0 | D:1      | 0 ||| qw: Goals: Normal
     0 | D:1      | 0 ||| PLANNING D:1-11
   417 | D:1      | Reached XP level 2. HP: 17/17 MP: 2/2
   763 | D:1      | 763 ||| READING 2 scrolls labelled DIUPLE ZAJA.
   764 | D:1      | 764 ||| READING 2 scrolls labelled QIDIVE QYILIZU.
   765 | D:1      | 765 ||| READING scroll labelled OBED XEXTUGOSS.
   768 | D:1      | 768 ||| DROPPING scroll of poison.
   769 | D:1      | 769 ||| DROPPING scroll of butterflies.
   831 | D:2      | Found a white marble altar of Elyvilon.
   833 | D:2      | Noticed Natasha
   838 | D:2      | 838 ||| Stepping ~*~*~tactically~*~*~ (retreating).
   839 | D:2      | 839 ||| Stepping ~*~*~tactically~*~*~ (retreating).
   840 | D:2      | HP: 2/17 [Natasha (6)]
   841 | D:2      | Slain by Natasha

Levels and vault maps discovered:
D:1:      roderic_crop_circles_arrival_small, layout_loops_ring
D:2:      layout_loops_cross, basic_altar, uniq_natasha, uniq_terence

Action                     || total
---------------------------++-------
   Fire: Shortbow          ||    48
    Use: Scroll            ||     3
 Armour: Leather armour    ||    14
  Dodge: Dodged            ||    12

Table legend:
 A = Non-vault XP
 B = Vault XP
 C = Vault XP percentage of total XP
 D = Non-vault monster count
 E = Vault monster count
 F = Vault count percentage of total count
                 A         B        C        D         E       F
            +---------+---------+-------+---------+---------+-------
      Total |      20 |       0 |   0.0 |      15 |       0 |   0.0
            +---------+---------+-------+---------+---------+-------
        D:1 |      19 |       0 |   0.0 |      14 |       0 |   0.0
        D:2 |       1 |       0 |   0.0 |       1 |       0 |   0.0
            +---------+---------+-------+---------+---------+-------
